 Dungeon Crawl Stone Soup version 0.31-a0-851-g7ff8af7976 (webtiles) character file.

Game seed: 11170110801479375391

463 javelincjr the Caller (level 7, -2/39 HPs)
             Began as a Tengu Summoner on Oct 5, 2023.
             Slain by a lemure (8 damage)
             ... led by Pikel
             ... on level 3 of the Dungeon.
             The game lasted 00:20:00 (3525 turns).

javelincjr the Caller (Tengu Summoner)              Turns: 3525, Time: 00:20:00

Health: -2/39      AC:  3    Str: 14    XL:     7   Next: 7%
Magic:  5/13       EV: 17    Int: 18    God:
Gold:   138        SH:  0    Dex: 14    Spells: 7/13 levels left

rFire   . . .        v - +4 quarterstaff (chaos)
rCold   . . .        (shield currently unavailable)
rNeg    . . .        a - +0 robe
rPois   .            (helmet restricted)
rElec   .            (no cloak)
rCorr   .            e - +0 pair of gloves
SInv    .            (boots unavailable)
Will    .....        (no amulet)
Stlth   ++           l - +6 ring of strength
HPRegen 0.26/turn    (no ring)
MPRegen 0.13/turn

%: acrobat
@: flying
A: beak, talons 3, evasive flight, acrobatic
a: no special abilities


You were on level 3 of the Dungeon.
You visited 1 branch of the dungeon, and saw 4 of its levels.

You collected 138 gold pieces.

Inventory:

Hand Weapons
 s - a +1 vampiric short sword
 u - a +0 dagger of venom
 v - a +4 quarterstaff of chaos (weapon)
 x - a +2 spear of distortion
Missiles
 k - 30 stones
Armour
 a - a +0 robe (worn)
 e - a +0 pair of gloves (worn)
 i - an orb of wrath
 o - a +0 tower shield
 w - a +0 cloak
Jewellery
 l - a +6 ring of strength (left hand)
Wands
 q - a wand of polymorph (6)
Scrolls
 c - 3 scrolls of fear {unknown}
 d - a scroll of enchant armour {unknown}
 g - 2 scrolls of fog {unknown}
 h - a scroll of noise {unknown}
 j - a scroll of amnesia {unknown}
 n - a scroll of teleportation {unknown}
 p - 2 scrolls of identify {unknown}
 r - a scroll of vulnerability {unknown}
Potions
 b - a potion of magic
 f - a potion of invisibility {unknown}
 m - 2 potions of lignification {unknown}
 t - a potion of heal wounds {unknown}


   Skills:
 + Level 1.8 Fighting
 + Level 3.8 Dodging
 + Level 3.5 Stealth
 + Level 1.6 Shields
 * Level 3.7 Spellcasting
 * Level 6.5 Summonings


You had 7 spell levels left.
You knew the following spells:

 Your Spells              Type           Power      Damage    Failure   Level
a - Summon Small Mammal   Summ           100%       N/A       1%          1
b - Call Imp              Summ           52%        N/A       1%          2
c - Call Canine Familiar  Summ           26%        N/A       3%          3

Your spell library contained the following spells:

 Spells                   Type           Power      Damage    Failure   Level
 Summon Guardian Golem    Hex/Summ       15%        N/A       12%         3
 Summon Lightning Spire   Summ/Air       15%        N/A       36%         4
 Tukima's Dance           Hex            3%         N/A       41%         3
 Passage of Golubria      Tloc           3%         N/A       83%         4
 Yara's Violent Unravell  Hex/Tmut       1%         3d3       99%         5


Dungeon Overview and Level Annotations

Branches:
Dungeon (4/15)
 Temple: D:4-7

Altars:

Annotations:
D:2 scarf
D:3 Pikel


Innate Abilities, Weirdness & Mutations

You have a beak for a mouth.
You have claws for feet.
Your magical flight helps you evade attacks. (EV +4)
You can magically evade attacks while moving or waiting.


Message History

Pikel hits you with a +1 whip of freezing.
Pikel freezes you.
Your cerulean imp closely misses Pikel.
You hit Pikel but do no damage. You drain Pikel.
You claw Pikel, but do no damage. You peck Pikel, but do no damage.
Pikel is moderately wounded.
Pikel closely misses you.
Your cerulean imp hits Pikel but does no damage.
Pikel hits you with a +1 whip of freezing.
Pikel freezes you.
You closely miss Pikel. You claw Pikel, but do no damage.
Pikel is moderately wounded.
Your cerulean imp barely misses Pikel.
Pikel hits you with a +1 whip of freezing.
Pikel freezes you.
Your cerulean imp completely misses Pikel.
You hit Pikel. Lightning courses through Pikel! You claw Pikel.
Your peck misses Pikel.
Pikel is severely wounded.
Pikel hits you with a +1 whip of freezing!
Pikel freezes you.
Your cerulean imp hits Pikel with a -2 spear.
You swap places.
Your hound completely misses Pikel.
Pikel misses your hound.
Your cerulean imp closely misses Pikel.
Your hound bites Pikel but does no damage.
The lemure hits you!
* * * LOW HITPOINT WARNING * * *
Your hound bites Pikel.
Pikel hits your hound with a +1 whip of freezing.
Pikel freezes your hound.
Your cerulean imp barely misses Pikel.
Your hound bites Pikel.
Pikel hits your hound but does no damage.
Your cerulean imp hits Pikel but does no damage.
Your hound bites Pikel but does no damage.
Casting: Call Canine Familiar (dangerous; 3% risk of failure)
Confirm with . or Enter, or press ? or * to list all spells.
Okay, then.
Casting: Call Canine Familiar (dangerous; 3% risk of failure)
Confirm with . or Enter, or press ? or * to list all spells.
The lemure hits you!
You die...

#####.#.#..#
#########.....####..
#.......#.###.......
#.#####.#.##........
#.#...#.#.##.#####.#
#.#.#.#.#.#..# #..
#.#...#.#...########
#.###.#.#...........
#..@5r..............
#####h........######
#.#>............
#h#.....#.####..
#K#..........'..
#5#..5..#.####..
#.###.#.#.# ###
#...5...#'######
#########.........


You could see a lemure (ally target), a friendly hound (summoned) and a friendly
rat (summoned).

Vanquished Creatures
  Grinder (D:3)
  2 lemures (D:3)
  The ghost of awesomeguy42 the Ruffian, a weakling TrWr (D:3)
  2 gnolls (D:2)
  An endoplasm (D:3)
  2 giant cockroaches
  2 goblins (D:3)
  2 hobgoblins
  A kobold (D:3)
  2 quokkas
  3 ball pythons
  3 bats
  2 rats
24 creatures vanquished.

Vanquished Creatures (collateral kills)
  The ghost of ytrimaz the Insei, an amateur DsSh (D:3)
  Crazy Yiuf (D:3)
  A gnoll (D:2)
  5 adders
  A worm (D:2)
  3 ball pythons
  2 endoplasms (D:1)
  2 giant cockroaches
  3 hobgoblins
  2 kobolds (D:1)
  A quokka (D:1)
  A bat (D:2)
  2 goblins (D:2)
  A rat (D:2)
26 creatures vanquished.

Grand Total: 50 creatures vanquished

Notes
Turn   | Place    | Note
-------+----------+-------------------------------------------
     0 | D:1      | javelincjr the Tengu Summoner began the quest for the Orb.
     0 | D:1      | Reached XP level 1. HP: 10/10 MP: 4/4
   282 | D:1      | Reached skill level 5 in Summonings
   282 | D:1      | Reached XP level 2. HP: 13/15 MP: 4/6
   782 | D:1      | Learned a level 2 spell: Call Imp
   945 | D:2      | Reached XP level 3. HP: 19/19 MP: 5/7
  1007 | D:2      | Reached XP level 4. HP: 24/24 MP: 2/8
  1645 | D:2      | Learned a level 3 spell: Call Canine Familiar
  1915 | D:3      | Noticed Grinder
  2016 | D:3      | Killed Grinder
  2017 | D:3      | Reached skill level 1 in Fighting
  2017 | D:3      | Reached skill level 1 in Shields
  2017 | D:3      | Reached skill level 6 in Summonings
  2017 | D:3      | Reached XP level 5. HP: 23/29 MP: 6/11
  2017 | D:3      | Reached XP level 6. HP: 27/34 MP: 6/12
  3044 | D:3      | Found a runed translucent door.
  3045 | D:3      | Noticed Crazy Yiuf
  3062 | D:3      | Killed Crazy Yiuf
  3187 | D:3      | Found a runed translucent gate.
  3188 | D:3      | Found a runed translucent gate.
  3189 | D:3      | Found a runed translucent gate.
  3190 | D:3      | Noticed awesomeguy42's ghost (weakling TrWr)
  3191 | D:3      | Noticed ytrimaz's ghost (amateur DsSh)
  3240 | D:3      | Killed awesomeguy42's ghost
  3250 | D:3      | Killed ytrimaz's ghost
  3251 | D:3      | Gained mutation: Your magical flight helps you evade
                  | attacks. (EV +4) [Tengu growth]
  3251 | D:3      | Reached XP level 7. HP: 6/39 MP: 6/13
  3397 | D:4      | Noticed Pikel
  3525 | D:3      | Slain by a lemure

Illustrated notes

Levels and vault maps discovered:
D:1:      lightli_molten_gateway, layout_basic
D:2:      layout_basic, serial_glass, glass_columns_a, glass_columns_a,
          due_unseen_surprise, minmay_strange_pillars, item_on_display_a,
          ebering_dispersal_statue_hall, corexii_shack,
          amcnicky_mini_rare_corridor_liquid
D:3:      layout_basic, gammafunk_ghost_cemetery, minmay_misc_feat_tiny,
          uniq_crazy_yiuf_cottage, uniq_grinder
D:4:      layout_basic, nicolae_uskayaw_dance_hall, dk_vineyard_1, uniq_pikel

Skill      XL: |  1  2  3  4 |
---------------+-------------+-----
Summonings     | 5 6 |  6.5
Dodging        | 3 |  3.8
Fighting       | 1 |  1.8
Stealth        | 3 |  3.5
Shields        | 1 |  1.6
Spellcasting   | 3 |  3.7

Action                     |  1- 3 |  4- 6 |  7- 9 || total
---------------------------+-------+-------+-------++-------
  Melee: Unarmed           |    39 |    34 |       ||    73
         Kick              |    12 |    11 |    10 ||    33
         Peck              |     4 |     8 |     5 ||    17
         Short sword       |       |    14 |       ||    14
         Quarterstaff      |       |     4 |    15 ||    19
   Cast: Summon Small Mamm |    34 |    17 |     4 ||    55
         Call Imp          |     3 |    25 |     2 ||    30
         Call Canine Famil |       |     7 |     4 ||    11
   Stab: Sleeping          |       |     4 |       ||     4
         Distracted        |       |       |     1 ||     1
 Armour: Robe              |    21 |    20 |    15 ||    56
  Dodge: Dodged            |    36 |    38 |    16 ||    90

Table legend: (Time is in decaauts)
 A = Elapsed time spent in this place.
 B = Non-inter-level travel time spent in this place.
 C = Inter-level travel time spent in this place.
 D = Time resting spent in this place.
 E = Time spent auto-exploring this place.
 F = Levels seen in this place.
 G = Mean time per level.
                   A        B        C        D        E       F      G
               +--------+--------+--------+--------+--------+-----+--------+
         Total |   3530 |   3508 |     22 |     76 |   2644 |   4 |  882.5 |
       Dungeon |   3530 |   3508 |     22 |     76 |   2644 |   4 |  882.5 |
               +--------+--------+--------+--------+--------+-----+--------+

Top non-repeatable levels by time:
     D:3: 1623 daAuts
     D:2: 1033 daAuts
     D:1: 867 daAuts
     D:4: 6 daAuts
